 Dungeon Crawl Stone Soup version 0.24.0-10-g970556be89 (webtiles) character file.

Game seed: 4086874296399090045, levelgen mode: deterministic

15948 Lanoc the Grappler (level 12, -8/118 HPs)
             Began as a Troll Fighter on Nov 5, 2019.
             Mangled by a redback (14 damage)
             ... on level 2 of the Lair of Beasts.
             The game lasted 00:17:40 (8162 turns).

Lanoc the Grappler (Troll Fighter)                  Turns: 8162, Time: 00:17:41

Health: -8/118     AC:  6    Str: 27    XL:     12   Next: 5%
Magic:  11/11      EV:  8    Int:  4    God:
Gold:   542        SH:  0    Dex: 19    Spells: 11/11 levels left

rFire    + + .     SeeInvis .     - Unarmed
rCold    + . .     Gourm    +   b - +0 shield
rNeg     + . .     Faith    .   c - +0 robe {rN+}
rPois    .         Spirit   .   (helmet restricted)
rElec    .         Reflect  .   n - scarf {rC+ rF+}
rCorr    .         Harm     .   (gloves unavailable)
MR       .....                  (boots unavailable)
Stlth    ++........             B - amulet of regeneration
HPRegen  1.09/turn              C - +4 ring of dexterity
MPRegen  0.12/turn              E - ring of protection from fire

@: lethally poisoned (-8 -> -19), held
A: large, unfitting armour, claws 3, horns 1, talons 1, agile 1, fast metabolism
3, gourmand, regeneration 1, shaggy fur 1, tough skin 3
a: no special abilities


You were on level 2 of the Lair of Beasts.
You were very full.

You visited 3 branches of the dungeon, and saw 13 of its levels.

You collected 542 gold pieces.

Inventory:

Armour
 b - a +0 shield (worn)
 c - a +0 robe of positive energy (worn)
 n - a scarf of resistance (worn)
Jewellery
 y - an uncursed amulet of guardian spirit
 B - an amulet of regeneration (around neck)
 C - a +4 ring of dexterity (left claw)
 E - a ring of protection from fire (right claw)
Wands
 k - a wand of flame (32)
 l - a wand of paralysis (11)
 m - a wand of disintegration (9)
 p - a wand of iceblast (6)
Scrolls
 e - a scroll of summoning {unknown}
 f - 11 scrolls of identify
 g - 3 scrolls of teleportation
 i - 2 scrolls of enchant armour {unknown}
 j - 6 scrolls of remove curse
 o - a scroll of magic mapping {unknown}
 s - 3 scrolls of acquirement {unknown}
 t - a scroll of random uselessness {unknown}
 u - 3 scrolls of amnesia {unknown}
 v - a scroll of fog {unknown}
 x - a scroll of fear {unknown}
 z - a scroll of immolation {unknown}
 D - 2 scrolls of enchant weapon {unknown}
Potions
 a - a potion of heal wounds
 h - a potion of mutation
 q - 2 potions of invisibility
 r - 2 potions of brilliance
 w - 3 potions of might
 A - a potion of lignification
Comestibles
 d - 30 rations
 F - a chunk of flesh


   Skills:
 + Level 7.5 Fighting
 + Level 7.6 Dodging
 - Level 9.0 Shields
 * Level 12.1 Unarmed Combat


You had 11 spell levels left.
You didn't know any spells.
Your spell library contained the following spells:

 Spells                   Type           Power        Failure   Level  Hunger
 Animate Skeleton         Necr           N/A          50%         1    ##.....
 Apportation              Tloc           #.....       50%         1    ##.....
 Confusing Touch          Hex            #.....       50%         1    ##.....
 Freeze                   Ice            #...         50%         1    ##.....
 Shock                    Conj/Air       #...         50%         1    ##.....
 Summon Small Mammal      Summ           #...         50%         1    ##.....
 Call Imp                 Summ           #.......     65%         2    ###....
 Swiftness                Chrm/Air       #.......     65%         2    ###....
 Throw Frost              Conj/Ice       #.....       65%         2    ###....
 Call Canine Familiar     Summ           #.......     86%         3    ####...
 Ozocubu's Armour         Chrm/Ice       #.......     86%         3    ####...
 Static Discharge         Conj/Air       #.......     86%         3    ####...
 Summon Guardian Golem    Hex/Summ       #.......     86%         3    ####...
 Airstrike                Air            #.........   99%         4    #####..
 Summon Ice Beast         Ice/Summ       #.......     99%         4    #####..
 Summon Lightning Spire   Summ/Air       #.......     99%         4    #####..
 Throw Icicle             Conj/Ice       #.......     99%         4    #####..
 Lightning Bolt           Conj/Air       #.........   100%        5    ######.


Dungeon Overview and Level Annotations

Branches:
Dungeon (10/15)            Temple (1/1) D:4            Lair (2/6) D:10
    Orc (0/2) D:10
  Swamp: Lair:2-4    Shoals: Lair:2-4     Snake: Lair:2-4    Spider: Lair:2-4

Altars:
Ashenzari
Cheibriados
Dithmenos
Elyvilon
Fedhas
Gozag
Hepliaklqana
Kikubaaqudgha
Makhleb
Nemelex Xobeh
Okawaru
Qazlal
Ru
Sif Muna
Trog
Uskayaw
Vehumet
Wu Jian
Xom
Yredelemnul
Zin
The Shining One

Shops:
D:10 [

Annotations:
D:8 1 runed translucent door, theswoord's ghost, novice DsGl


Innate Abilities, Weirdness & Mutations

You are too large for most types of armour.
You have claws for hands.
Your metabolism is lightning-fast.
You like to eat raw meat.
Your natural rate of healing is unusually fast.
You are covered in fur. (AC +1)
You have extremely tough skin. (AC +3)
You have a pair of small horns on your head.
You have sharp toenails.
You are agile. (Dex +2)


Message History

* * * LOW HITPOINT WARNING * * *
The redback bites you!
* * * LOW HITPOINT WARNING * * *
Unknown command.
You struggle to detach yourself from the web.
You feel very sick. The jumping spider pounces on you!
* * * LOW HITPOINT WARNING * * *
The jumping spider bites you but does no damage.
The redback bites you.
* * * LOW HITPOINT WARNING * * *
You feel much better.
You feel very sick. The jumping spider pounces on you!
* * * LOW HITPOINT WARNING * * *
The jumping spider bites you but does no damage.
The redback bites you!
* * * LOW HITPOINT WARNING * * *
The jumping spider leaps!
The redback bites you!
You die...

#.. .. ##...#s ...#...#. ..##.
Y..#P... ........# .§...#
#...P.P.# ##...####.#.##..#
.######.#.............# ####
......○s.†............##
................@...............#
................†...............#
...............................##
......................#...+.##.#
##.....# #P..P#......P##...###.#
#.#...## #.PPP.#.....###...# #.#
..#....+ ......#.....##P...# #.##
.#....# .....#......###...###..#
..#...# ......#.....# #....##...


You could see a jumping spider and a redback.

Vanquished Creatures
  Erolcha (D:10)
  A hydra (Lair:1)
  A catoblepas (Lair:2)
  3 two-headed ogres
  An unseen horror (D:10)
  Pikel (D:5)
  A manticore (D:10)
  2 spiny frogs (D:10)
  A komodo dragon (D:9)
  A hornet (D:10)
  Sigmund (D:2)
  7 hippogriffs
  2 vampires (D:9)
  A wraith (D:10)
  3 yaks (D:10)
  A soldier ant (D:10)
  A warg (D:10)
  2 water moccasins
  A porcupine (Lair:1)
  3 sky beasts
  4 orc warriors (D:10)
  A slave (D:5)
  4 ice beasts
  A black bear (D:9)
  An eye of draining (D:9)
  2 phantoms
  6 ogres
  5 wolves (Lair:1)
  3 centaurs
  4 crocodiles
  A big kobold (D:8)
  6 bullfrogs
  A water moccasin zombie (D:7)
  5 scorpions
  14 wights
  4 howler monkeys
  2 crimson imps
  7 hounds
  A jelly (D:7)
  3 bullfrog skeletons
  4 centaur zombies
  10 orc priests
  11 orc wizards
  2 centaur skeletons
  Natasha (D:2)
  9 worker ants
  A hound zombie (D:7)
  2 hound skeletons
  A howler monkey zombie (D:10)
  10 adders
  3 gnolls (D:7)
  6 shadow imps
  An ooze (D:2)
  2 worms
  A dart slug (D:1)
  5 leopard geckos
  63 orcs
  3 bats
  5 giant cockroaches
  6 hobgoblins
  12 jackals
  3 kobolds
  8 quokkas
  4 frilled lizards
  5 goblins
  A quokka skeleton (D:7)
  5 rats
294 creatures vanquished.

Notes
Turn   | Place    | Note
-------+----------+-------------------------------------------
     0 | D:1      | Lanoc the Troll Fighter began the quest for the Orb.
     0 | D:1      | Reached XP level 1. HP: 22/22 MP: 0/0
    45 | D:1      | Reached XP level 2. HP: 29/29 MP: 1/1
   188 | D:2      | Reached XP level 3. HP: 26/36 MP: 2/2
   401 | D:2      | Noticed Sigmund
   431 | D:2      | Killed Sigmund
   431 | D:2      | Reached skill level 3 in Unarmed Combat
   431 | D:2      | Reached XP level 4. HP: 24/45 MP: 3/3
   431 | D:2      | Reached XP level 5. HP: 28/53 MP: 4/4
   857 | D:2      | Noticed Natasha
   876 | D:2      | Killed Natasha
  1201 | D:3      | Reached XP level 6. HP: 61/61 MP: 5/5
  1256 | D:3      | Reached skill level 4 in Unarmed Combat
  1696 | D:4      | You fall into a shaft and drop 3 floors!
  1709 | D:7      | Reached XP level 7. HP: 62/67 MP: 6/6
  1794 | D:7      | Reached skill level 5 in Unarmed Combat
  1959 | D:7      | Noticed a hippogriff
  1965 | D:7      | Reached skill level 5 in Shields
  1973 | D:7      | Killed a hippogriff
  1973 | D:7      | Reached XP level 8. HP: 55/78 MP: 7/7
  1994 | D:6      | Reached skill level 6 in Unarmed Combat
  2132 | D:6      | Found a radiant altar of Vehumet.
  2254 | D:6      | Found a shadowy altar of Dithmenos.
  2267 | D:5      | Entered Level 5 of the Dungeon
  2271 | D:5      | Noticed Pikel
  2327 | D:5      | Killed Pikel
  2327 | D:5      | Reached skill level 7 in Unarmed Combat
  2327 | D:5      | Reached XP level 9. HP: 51/85 MP: 8/8
  2347 | D:5      | Found a hazy altar of Hepliaklqana.
  2970 | D:4      | Found a staircase to the Ecumenical Temple.
  2975 | Temple   | Entered the Ecumenical Temple
  3167 | D:4      | Reached skill level 5 in Dodging
  3193 | D:4      | Found a shattered altar of Ashenzari.
  3677 | D:5      | Reached skill level 5 in Fighting
  4003 | D:7      | Reached skill level 8 in Unarmed Combat
  4643 | D:8      | Found a runed translucent door.
  4643 | D:8      | Found a shimmering altar of Xom.
  4643 | D:8      | Noticed theswoord's ghost (novice DsGl)
  4643 | D:8      | Noticed a +3 long sword of chaos
  4899 | D:9      | Reached XP level 10. HP: 96/96 MP: 9/9
  5025 | D:9      | Noticed a two-headed ogre
  5044 | D:9      | Killed a two-headed ogre
  5044 | D:9      | Reached skill level 9 in Unarmed Combat
  5149 | D:9      | Noticed a two-headed ogre
  5167 | D:9      | Killed a two-headed ogre
  5752 | D:10     | Entered Level 10 of the Dungeon
  5773 | D:10     | Reached skill level 10 in Unarmed Combat
  5784 | D:10     | Found Big Focw's Armour Emporium.
  5859 | D:10     | Found a staircase to the Orcish Mines.
  5957 | D:10     | Paralysed by a hornet for 3 turns
  5967 | D:10     | Paralysed by a hornet for 2 turns
  5974 | D:10     | Reached XP level 11. HP: 65/105 MP: 10/10
  6079 | D:10     | Noticed Erolcha
  6091 | D:10     | Killed Erolcha
  6220 | D:10     | Killed an unseen horror
  6547 | D:10     | Found a staircase to the Lair.
  6748 | D:10     | Noticed a two-headed ogre
  6752 | D:10     | Killed a two-headed ogre
  6752 | D:10     | Reached skill level 11 in Unarmed Combat
  7082 | D:10     | Noticed an eight-headed hydra
  7320 | Lair:1   | Entered Level 1 of the Lair of Beasts
  7465 | Lair:1   | Noticed an eight-headed hydra
  7473 | Lair:1   | Killed an eight-headed hydra
  8136 | Lair:2   | Noticed a catoblepas
  8144 | Lair:2   | Reached skill level 12 in Unarmed Combat
  8144 | Lair:2   | Reached XP level 12. HP: 116/118 MP: 11/11
  8154 | Lair:2   | Killed a catoblepas
  8160 | Lair:2   | Gained mutation: You have sharp toenails. [potion of
                  | mutation]
  8160 | Lair:2   | Gained mutation: You are agile. (Dex +2) [potion of
                  | mutation]
  8160 | Lair:2   | Gained mutation: You have a pair of small horns on your
                  | head. [potion of mutation]
  8162 | Lair:2   | Mangled by a redback

Levels and vault maps discovered:
D:1:      evilmike_arrival_run_for_it, layout_rooms,
          chequers_serial_rivers_micro_e
D:2:      kennysheep_six_static_rooms, layout_loops_corners, uniq_natasha,
          uniq_sigmund
D:3:      layout_rooms, interstate_on_off
D:4:      layout_loops_ring, kennysheep_mini,
          minmay_temple_entry_statues_pillars, first_ration,
          lightli_corner_chamber
D:5:      minmay_evil_eye, layout_basic, nicolae_overflow_crystal_walls,
          uniq_pikel
D:6:      layout_rooms, basic_altar, grunt_dithmenos_shadows
D:7:      layout_cave_pools, minmay_quadrilaterals
D:8:      layout_cave_pools, ebering_ghost_xom
D:9:      layout_loops_ring
D:10:     minmay_the_grid_square_5x5_3x3 [minmay_the_grid_square_5x5_dogpile,
          minmay_the_grid_square_5x5_corner,
          minmay_the_grid_square_5x5_misaligned,
          minmay_the_grid_square_5x5_inner_z,
          minmay_the_grid_square_5x5_megaprize_open,
          minmay_the_grid_square_5x5_eight_small, minmay_the_grid_square_5x5_z,
          minmay_the_grid_square_5x5_bracketed,
          minmay_the_grid_square_5x5_hourglass], layout_rooms, lair_entry_dummy,
          david_orc_3, serial_shops, shop, serial_co_window_serial,
          co_window_corner_a, co_window_paths_b, co_window_corner_a,
          co_window_corner_a, co_window_paths_b, co_window_paths_b,
          co_window_paths_b, co_window_corner_b, co_window_corner_b,
          co_window_2corner, co_window_broadway_c, co_window_cross_2,
          glass_columns_a, glass_columns_b, grunt_ogre_cave, uniq_erolcha
Temple:   regret_index_temple_chain_breaker
Lair:1:   layout_chaotic_city
Lair:2:   layout_regular_city, minmay_shoals_entry_hut,
          nicolae_spider_entry_tight_spaces, minmay_lair_oklob_chamber,
          uniq_nergalle, uniq_urug

Skill      XL: |  1  2  3  4  5  6  7  8  9 10 11 |
---------------+----------------------------------+-----
Fighting       | 3 4 5 6 7 |  7.5
Dodging        | 3 4 5 6 7 |  7.6
Shields        | 3 4 5 6 7 8 9 |  9.0
Unarmed Combat | 3 4 5 7 8 10 12 | 12.1

Action                   |  1- 3 |  4- 6 |  7- 9 | 10-12 || total
-------------------------+-------+-------+-------+-------++-------
Melee: Unarmed           |    90 |   125 |   414 |   470 ||  1099
Throw: Throwing net      |       |       |       |     4 ||     4
Evoke: Wand              |       |       |       |     9 ||     9
  Use: Potion            |     2 |     1 |     9 |     8 ||    20
       Scroll            |       |       |     1 |     4 ||     5
 Stab: Sleeping          |     1 |     2 |       |     3 ||     6
       Held in net/web   |       |       |       |     1 ||     1
       Petrifying        |       |       |       |     2 ||     2
  Eat: Chunk             |     8 |    13 |    29 |    27 ||    77
       Ration            |       |       |       |     1 ||     1
Armor: Robe              |    21 |    32 |    57 |    47 ||   157
Dodge: Dodged            |    23 |    42 |   105 |   177 ||   347
Block: Shield            |    31 |    55 |   164 |   218 ||   468
       Other             |       |       |     1 |       ||     1
